[Event "Summer Chess Classic-C 2019"]
[Site "Saint Louis"]
[Date "2019.06.22"]
[Round "5.1"]
[White "Chirila, Ioan-Cristian"]
[Black "Hakobyan, Aram"]
[Result "0-1"]
[ECO "A05"]
[WhiteElo "2561"]
[BlackElo "2559"]
[Annotator "RC"]
[PlyCount "90"]
[EventDate "2019.06.18"]
[EventType "tourn"]
[EventCountry "USA"]
[SourceTitle "playchess.com"]
[Source "ChessBase"]
[SourceQuality "1"]
[TimeControl "40/5400+30:1800+30"]

1. Nf3 Nf6 2. c4 g6 3. Nc3 Bg7 4. d4 d5 5. cxd5 Nxd5 6. Bg5 c5 7. Nxd5 Qxd5 8. Rc1 Qxa2 9. Rxc5 Na6 10. Rb5 h6 11. Bd2 Bd7 12. Ra5 Qxb2 13. e3 Nb4 14. Rc5 O-O 15. Bc3 Qa3 16. Qd2 a5 17. Bb2 Qa2 18. Be2 Rfc8 19. Rc3 Rxc3 20. Bxc3 Nc2+ 21. Kf1 Rc8 22. Ne1 Qb1 23. Bd3 Bb5 24. Ke2 Na3 25. Bxa5 e5 26. Kf3 Bxd3 27. Qxd3 Nc2 28. Kg3 exd4 29. exd4 Qa1 30. Bd2 Nxd4 31. h3 Be5+ 32. f4 Rd8 33. Kh2 Ne6 34. Qxd8+ Nxd8 35. Nf3 Qb2 36. fxe5 g5 37. Rc1 Ne6 38. Rc4 Qb3 39. Rb4 Qd5 40. h4 b5 41. Kg3 Nc5 42. Rd4 Ne4+ 43. Kh2 Qc6 44. Rd8+ Kg7 45. Nd4 Qc7 0-1

[Event "Summer Chess Classic-C 2019"]
[Site "Saint Louis"]
[Date "2019.06.22"]
[Round "5.2"]
[White "Jacobson, Brandon"]
[Black "Moradiabadi, Elshan"]
[Result "0-1"]
[ECO "C54"]
[WhiteElo "2486"]
[BlackElo "2548"]
[Annotator "RC"]
[PlyCount "124"]
[EventDate "2019.06.18"]
[EventType "tourn"]
[EventCountry "USA"]
[SourceTitle "playchess.com"]
[Source "ChessBase"]
[SourceQuality "1"]
[TimeControl "40/5400+30:1800+30"]

1. e4 e5 2. Nf3 Nc6 3. Bc4 Bc5 4. c3 Nf6 5. d3 d6 6. O-O a6 7. a4 O-O 8. Nbd2 a5 9. Re1 h6 10. h3 Ne7 11. Bb3 Ng6 12. Nf1 Re8 13. Ng3 Be6 14. d4 Bb6 15. Bc2 c6 16. Be3 Qc7 17. Qc1 Rad8 18. Nf5 Bxf5 19. exf5 Nf8 20. Bxh6 N8h7 21. Be3 e4 22. Nd2 d5 23. g4 Qd6 24. Kg2 Bc7 25. Rh1 g6 26. fxg6 fxg6 27. Qg1 Rf8 28. Kf1 Rf7 29. Ke2 Nf8 30. Re1 b5 31. Kd1 Rb8 32. Kc1 bxa4 33. Bxa4 Ne6 34. f3 Nf4 35. Bc2 a4 36. fxe4 dxe4 37. Bxf4 Qxf4 38. g5 a3 39. bxa3 Nd5 40. Rxe4 Qd6 41. Nc4 Qf8 42. Qg4 Rf1+ 43. Rxf1 Qxf1+ 44. Kd2 Qxc4 45. Qf3 Ba5 46. Qd3 Bxc3+ 47. Kd1 Qxd3+ 48. Bxd3 Kf7 49. h4 Bb2 50. Bc4 Bxa3 51. Re5 Rh8 52. Re4 Bd6 53. Rg4 Kg7 54. Kd2 Re8 55. Rg1 Re4 56. Kd3 Re3+ 57. Kd2 Bb4+ 58. Kd1 Re4 59. Kc2 Rxh4 60. Ra1 Rxd4 61. Ra7+ Kf8 62. Ra8+ Kf7 0-1

[Event "Summer Chess Classic-C 2019"]
[Site "Saint Louis"]
[Date "2019.06.22"]
[Round "5.3"]
[White "Gordievsky, Dmitry"]
[Black "Neiksans, Arturs"]
[Result "1/2-1/2"]
[ECO "A05"]
[WhiteElo "2592"]
[BlackElo "2566"]
[Annotator "RC"]
[PlyCount "63"]
[EventDate "2019.06.18"]
[EventType "tourn"]
[EventCountry "USA"]
[SourceTitle "playchess.com"]
[Source "ChessBase"]
[SourceQuality "1"]
[TimeControl "40/5400+30:1800+30"]

1. Nf3 Nf6 2. c4 b6 3. g3 Bb7 4. Bg2 g6 5. d4 Bg7 6. O-O O-O 7. Qc2 c5 8. d5 b5 9. e4 bxc4 10. Nfd2 e6 11. Nc3 exd5 12. exd5 d6 13. Nxc4 Ba6 14. b3 Nbd7 15. Bf4 Nb6 16. Bxd6 Re8 17. Bxc5 Nxc4 18. bxc4 Bxc4 19. Rfd1 Rc8 20. Bd4 Bxd5 21. Qa4 Bxg2 22. Kxg2 Qc7 23. Bxf6 Bxf6 24. Nd5 Qc6 25. Qxc6 Rxc6 26. Rac1 Rd6 27. Rc7 a6 28. Ne7+ Bxe7 29. Rxe7 Rxd1 30. Rxe8+ Kg7 31. Re5 Rd6 32. Ra5 1/2-1/2

[Event "Summer Chess Classic-C 2019"]
[Site "Saint Louis"]
[Date "2019.06.24"]
[Round "6.3"]
[White "Moradiabadi, Elshan"]
[Black "Neiksans, Arturs"]
[Result "0-1"]
[ECO "E16"]
[WhiteElo "2548"]
[BlackElo "2566"]
[Annotator "ChessBase"]
[PlyCount "92"]
[EventDate "2019.06.18"]
[EventType "tourn"]
[EventCountry "USA"]
[SourceTitle "playchess.com"]
[Source "ChessBase"]
[SourceQuality "1"]
[TimeControl "40/5400+30:1800+30"]

1. d4 Nf6 2. c4 e6 3. Nf3 b6 4. g3 Bb7 5. Bg2 Bb4+ 6. Bd2 Be7 7. O-O O-O 8. Nc3 Na6 9. Re1 c5 10. e4 cxd4 11. Nxd4 Nc5 12. Qe2 Qc8 13. b4 Na6 14. a3 d6 15. Rac1 Nb8 16. f4 Nbd7 17. e5 dxe5 18. fxe5 Ne8 19. Bxb7 Qxb7 20. Qg2 Qxg2+ 21. Kxg2 Nc7 22. Nc6 Rfe8 23. Ne4 Nb8 24. Nxe7+ Rxe7 25. b5 Ne8 26. Bb4 Rb7 27. a4 Nd7 28. c5 bxc5 29. Nxc5 Nxc5 30. Bxc5 Nc7 31. Bd6 Nd5 32. Rc6 h5 33. Rec1 Kh7 34. Rc8 Rxc8 35. Rxc8 f6 36. Rb8 Rd7 37. a5 fxe5 38. Bxe5 Ne3+ 39. Kh3 g5 40. b6 axb6 41. axb6 Kg6 42. g4 hxg4+ 43. Kg3 Rd2 44. Rg8+ Kf5 45. Rxg5+ Kxg5 46. Bf4+ Kf5 0-1

[Event "Summer Chess Classic-C 2019"]
[Site "Saint Louis"]
[Date "2019.06.25"]
[Round "7.1"]
[White "Moradiabadi, Elshan"]
[Black "Chirila, Ioan-Cristian"]
[Result "1/2-1/2"]
[ECO "B32"]
[WhiteElo "2548"]
[BlackElo "2561"]
[Annotator "RC"]
[PlyCount "69"]
[EventDate "2019.06.18"]
[EventType "tourn"]
[EventCountry "USA"]
[SourceTitle "playchess.com"]
[Source "ChessBase"]
[SourceQuality "1"]
[TimeControl "40/5400+30:1800+30"]

1. e4 c5 2. Nf3 Nc6 3. d4 cxd4 4. Nxd4 Qb6 5. Nb3 Nf6 6. Nc3 e6 7. g3 a6 8. Bg2 d6 9. O-O Be7 10. a4 Qc7 11. a5 Ne5 12. Kh1 Bd7 13. f4 Nc4 14. Qe2 e5 15. fxe5 Nxe5 16. Nd4 Bc6 17. Bg5 h6 18. Bf4 g6 19. Nd5 Nxd5 20. exd5 Bd7 21. Rae1 Bf6 22. Qd2 Bg7 23. Nf3 O-O 24. Nxe5 dxe5 25. d6 Qc5 26. b4 Qb5 27. Bxh6 Bxh6 28. Qxh6 Bc6 29. Qd2 Rac8 30. Rd1 Rfd8 31. Rfe1 Bxg2+ 32. Kxg2 Rc4 33. c3 Qc6+ 34. Qd5 Rxc3 35. Qxc6 1/2-1/2

[Event "Summer Chess Classic-C 2019"]
[Site "Saint Louis"]
[Date "2019.06.26"]
[Round "8.1"]
[White "Chirila, Ioan-Cristian"]
[Black "Gordievsky, Dmitry"]
[Result "1-0"]
[ECO "A05"]
[WhiteElo "2561"]
[BlackElo "2592"]
[Annotator "RC"]
[PlyCount "87"]
[EventDate "2019.06.18"]
[EventType "tourn"]
[EventCountry "USA"]
[SourceTitle "playchess.com"]
[Source "ChessBase"]
[SourceQuality "1"]
[TimeControl "40/5400+30:1800+30"]

1. Nf3 Nf6 2. g3 g6 3. Bg2 Bg7 4. O-O O-O 5. d4 d6 6. a4 a5 7. Nc3 Nc6 8. Nb5 Bd7 9. Re1 e5 10. dxe5 dxe5 11. e4 Qc8 12. Qe2 Bg4 13. c3 Rd8 14. Qc2 Qd7 15. Be3 Qe7 16. h3 Be6 17. b3 Ne8 18. Bf1 f6 19. Nd2 Kh8 20. Nc4 f5 21. Bg2 f4 22. gxf4 exf4 23. Bxf4 Bxc4 24. bxc4 Ne5 25. Bg3 Nf6 26. f4 Nh5 27. Bh2 Bh6 28. Rf1 Nxc4 29. Qe2 Nd2 30. Rf2 Qc5 31. Kh1 Nb3 32. Raf1 Rd2 33. Qf3 c6 34. Nc7 Rc8 35. Ne6 Qe7 36. f5 Qf6 37. Qg4 Rxf2 38. Rxf2 Rg8 39. e5 Qf7 40. f6 Re8 41. Nd8 Qc7 42. e6 Qxd8 43. Be5 Bg7 44. e7 1-0

[Event "Summer Chess Classic-C 2019"]
[Site "Saint Louis"]
[Date "2019.06.26"]
[Round "8.2"]
[White "Jacobson, Brandon"]
[Black "Neiksans, Arturs"]
[Result "1/2-1/2"]
[ECO "B47"]
[WhiteElo "2486"]
[BlackElo "2566"]
[Annotator "RC"]
[PlyCount "93"]
[EventDate "2019.06.18"]
[EventType "tourn"]
[EventCountry "USA"]
[SourceTitle "playchess.com"]
[Source "ChessBase"]
[SourceQuality "1"]
[TimeControl "40/5400+30:1800+30"]

1. e4 c5 2. Nf3 e6 3. d4 cxd4 4. Nxd4 Nc6 5. Nc3 Qc7 6. Be2 a6 7. O-O Nf6 8. Be3 Bb4 9. Nxc6 bxc6 10. f4 O-O 11. e5 Nd5 12. Nxd5 cxd5 13. c3 Bc5 14. Bxc5 Qxc5+ 15. Qd4 d6 16. exd6 Qxd6 17. c4 a5 18. cxd5 Bb7 19. Bf3 Bxd5 20. Bxd5 Qxd5 21. Qxd5 exd5 22. Rad1 Rfb8 23. Rf2 Rb5 24. Rd4 g6 25. Rfd2 Rd8 26. Kf2 Rc5 27. Ke2 Kf8 28. Kd3 Ke7 29. Re2+ Kf6 30. g4 h6 31. h4 Rc1 32. g5+ Kg7 33. Ra4 Rd1+ 34. Rd2 Rh1 35. gxh6+ Kxh6 36. Rxa5 Rxh4 37. Rf2 d4 38. Kc4 Rh1 39. Rd2 Rc1+ 40. Kd3 Rf1 41. f5 g5 42. Rh2+ Kg7 43. Rg2 f6 44. Ra7+ Kg8 45. Rh2 Rf3+ 46. Kc4 Rxf5 47. Rhh7 1/2-1/2

[Event "Summer Chess Classic-C 2019"]
[Site "Saint Louis"]
[Date "2019.06.28"]
[Round "10.1"]
[White "Chirila, Ioan-Cristian"]
[Black "Neiksans, Arturs"]
[Result "1/2-1/2"]
[ECO "A05"]
[WhiteElo "2561"]
[BlackElo "2566"]
[Annotator "ChessBase"]
[PlyCount "60"]
[EventDate "2019.06.18"]
[EventType "tourn"]
[EventCountry "USA"]
[SourceTitle "playchess.com"]
[Source "ChessBase"]
[SourceQuality "1"]
[TimeControl "40/5400+30:1800+30"]

1. Nf3 Nf6 2. c4 b6 3. g3 Bb7 4. Bg2 e6 5. O-O Be7 6. Nc3 O-O 7. d4 Ne4 8. Bd2 Bf6 9. Ne5 Nxc3 10. Bxc3 Bxg2 11. Kxg2 d5 12. Ng4 Be7 13. cxd5 Qxd5+ 14. Kg1 Nd7 15. Qc2 Nf6 16. Nxf6+ Bxf6 17. Rfd1 Rfd8 18. Rd3 h6 19. a4 c5 20. dxc5 Qxc5 21. Rad1 Qc7 22. Rxd8+ Rxd8 23. Rxd8+ Qxd8 24. Bxf6 Qxf6 25. b3 Qd8 26. h4 h5 27. e3 a5 28. Qc4 g6 29. Kh2 Qd6 30. Kg1 Qd1+ 1/2-1/2

[Event "Summer Chess Classic-C 2019"]
[Site "Saint Louis"]
[Date "2019.06.28"]
[Round "10.3"]
[White "Jacobson, Brandon"]
[Black "Hakobyan, Aram"]
[Result "0-1"]
[ECO "C54"]
[WhiteElo "2486"]
[BlackElo "2559"]
[Annotator "ChessBase"]
[PlyCount "72"]
[EventDate "2019.06.18"]
[EventType "tourn"]
[EventCountry "USA"]
[SourceTitle "playchess.com"]
[Source "ChessBase"]
[SourceQuality "1"]
[TimeControl "40/5400+30:1800+30"]

1. e4 e5 2. Nf3 Nc6 3. Bc4 Bc5 4. c3 Nf6 5. d3 d6 6. O-O a6 7. a4 Ba7 8. Nbd2 O-O 9. h3 Kh8 10. b4 Ng8 11. Qb3 f5 12. a5 fxe4 13. Nxe4 Nge7 14. Be6 Rxf3 15. gxf3 d5 16. Bxc8 Qxc8 17. Kh2 dxe4 18. fxe4 Qd7 19. Qd1 Ng6 20. Be3 Rf8 21. Rg1 Nf4 22. Rg3 Rf6 23. Bxa7 Nxa7 24. Qd2 Nb5 25. Rc1 Rg6 26. Qe3 Rxg3 27. Qxg3 Kg8 28. Rc2 Qc6 29. Qg4 g6 30. f3 Nd4 31. Rc1 Nxd3 32. Qc8+ Kg7 33. Rf1 Qxc3 34. Qd7+ Kh6 35. Qf7 Qd2+ 36. Kg3 Ne2+ 0-1